[Event "ICCopen2016"]
[Site "Internet Chess Club"]
[Date "2016.06.03"]
[Round "10"]
[White "ciatouciso"]
[Black "Ajolote"]
[Result "1-0"]
[ICCResult "Black checkmated"]
[WhiteElo "1670"]
[BlackElo "1471"]
[Opening "Sicilian: Nimzovich-Rossolimo attack (with ...g6, without ...d6)"]
[ECO "B31"]
[NIC "SI.31"]
[Time "20:47:40"]
[TimeControl "180+0"]

1. e4 c5 2. Nf3 Nc6 3. Bb5 g6 4. Bxc6 bxc6 5. c3 Bg7 6. d3 d6 7. Be3 e6 8.
Nbd2 Ne7 9. Nf1 a6 10. Ng3 O-O 11. Qd2 e5 12. Bh6 Bg4 13. Bxg7 Kxg7 14. h3
Be6 15. O-O Rb8 16. Nh2 Qd7 17. b3 d5 18. f4 f6 19. f5 Bf7 20. Ng4 c4 21.
Qh6+ Kh8 22. Nxf6 Bg8 23. Nxd7 gxf5 24. Nxf8 Rxf8 25. Nh5 Rf7 26. exf5 cxd3
27. Rf3 d4 28. cxd4 exd4 29. Rxd3 c5 30. Rf3 Nd5 31. Raf1 Ne3 32. R1f2 Nd5
33. Rg3 Nb4 34. Re2 d3 35. Rxg8+ Kxg8 36. Re8+ Rf8 37. Rxf8# {Black
checkmated} 1-0

[Event "ICCopen2016"]
[Site "Internet Chess Club"]
[Date "2016.06.03"]
[Round "10"]
[White "fledermaus"]
[Black "Mad-Cobra"]
[Result "0-1"]
[ICCResult "White resigns"]
[WhiteElo "1635"]
[BlackElo "1843"]
[Opening "QGD: 4.Nf3"]
[ECO "D37"]
[NIC "QP.09"]
[Time "20:47:44"]
[TimeControl "180+0"]

1. Nf3 d5 2. d4 e6 3. c4 Nf6 4. Nc3 Be7 5. Bg5 h6 6. Bh4 c6 7. e3 a6 8. cxd5
exd5 9. Qc2 Be6 10. Bd3 Nbd7 11. O-O b5 12. e4 dxe4 13. Nxe4 Nxe4 14. Bxe7
Qxe7 15. Bxe4 O-O 16. Rfe1 Qf6 17. b3 Rac8 18. Rad1 Nb6 19. Ne5 Bd5 20. Re3
Bxe4 21. Qxe4 Nd5 22. Rf3 Qd6 23. Rc1 c5 24. dxc5 Rxc5 25. Rxc5 Qxc5 26. g3
Nf6 27. Qf5 Re8 28. Ng4 Qxf5 {White resigns} 0-1

[Event "ICCopen2016"]
[Site "Internet Chess Club"]
[Date "2016.06.03"]
[Round "10"]
[White "chigato"]
[Black "DukeBishop"]
[Result "1-0"]
[ICCResult "Black forfeits on time"]
[WhiteElo "1798"]
[BlackElo "1592"]
[Opening "KP: King's head opening"]
[ECO "A00"]
[Time "20:47:40"]
[TimeControl "180+0"]

1. f3 e5 2. e4 Bc5 3. Bd3 Nf6 4. Qe2 O-O 5. c3 d5 6. Bc2 b6 7. d3 Ba6 8. Bg5
dxe4 9. fxe4 h6 10. Bh4 Nc6 11. Nf3 Be7 12. h3 Qd7 13. Nbd2 Rad8 14. c4 Nb4
15. Kd1 Nxd3 16. b3 Nxe4 17. Qxe4 f5 18. Qe2 Bxh4 19. Nxh4 e4 20. Rf1 f4 21.
Qxe4 Nb2+ 22. Kc1 Qxd2+ 23. Kxb2 Bxc4 24. Qxc4+ {Black forfeits on time} 1-0

[Event "ICCopen2016"]
[Site "Internet Chess Club"]
[Date "2016.06.03"]
[Round "10"]
[White "alan2015"]
[Black "franco"]
[Result "1-0"]
[ICCResult "Black checkmated"]
[WhiteElo "1311"]
[BlackElo "1160"]
[Opening "Sicilian: Labourdonnais-Löwenthal variation"]
[ECO "B32"]
[NIC "SI.32"]
[Time "20:47:58"]
[TimeControl "180+0"]

1. e4 c5 2. Nf3 Nc6 3. d4 cxd4 4. Nxd4 e5 5. Nb5 a6 6. Nd6+ Ke7 7. Nc3 Qc7
8. Nd5+ Kxd6 9. Nxc7+ Kxc7 10. Be3 Nf6 11. f3 d6 12. Bc4 Be7 13. Bxf7 Rf8
14. Bd5 Nxd5 15. Qxd5 Rf6 16. Rd1 Be6 17. Qd3 Rd8 18. a3 d5 19. exd5 Rxd5
20. Qe2 Rb5 21. c4 Rb3 22. O-O Nd4 23. Bxd4 exd4 24. Qe5+ Bd6 25. Qxd4 Rf4
26. Qxd6+ Kc8 27. Qd8# {Black checkmated} 1-0

[Event "ICCopen2016"]
[Site "Internet Chess Club"]
[Date "2016.06.03"]
[Round "10"]
[White "boydjj"]
[Black "Qualm"]
[Result "0-1"]
[ICCResult "White checkmated"]
[WhiteElo "1471"]
[BlackElo "1656"]
[Opening "King's pawn game"]
[ECO "C20"]
[NIC "KP.10"]
[Time "20:48:09"]
[TimeControl "180+0"]

1. e4 e5 2. b3 d6 3. Bb2 Nf6 4. Nc3 Be7 5. Qe2 Nc6 6. O-O-O Nd4 7. Qd3 Ng4
8. Nh3 f5 9. f4 fxe4 10. Nxe4 Bf5 11. Bxd4 exd4 12. Qxd4 O-O 13. Bc4+ Kh8
14. Nhg5 d5 15. Bxd5 c6 16. h3 Nf6 17. g4 Bxe4 18. Nxe4 Qxd5 19. Qxd5 Nxd5
20. f5 Rae8 21. h4 Ba3+ 22. Kb1 Rxe4 23. g5 Rxf5 24. Rdf1 g6 25. h5 Rxf1+
26. Rxf1 gxh5 27. c4 Nb4 28. d3 Re2 29. d4 Rb2+ 30. Ka1 Nc2# {White
checkmated} 0-1

[Event "ICCopen2016"]
[Site "Internet Chess Club"]
[Date "2016.06.03"]
[Round "10"]
[White "psychopat2016"]
[Black "ChessGeek"]
[Result "0-1"]
[ICCResult "White resigns"]
[WhiteElo "1317"]
[BlackElo "1723"]
[Opening "Scandinavian defense"]
[ECO "B01"]
[NIC "SD.03"]
[Time "20:48:00"]
[TimeControl "180+0"]

1. e4 d5 2. exd5 Nf6 3. Nf3 Nxd5 4. Bc4 Nb6 5. Bxf7+ Kxf7 6. Ng5+ Ke8 7. Qf3
Qd5 8. Qh5+ g6 9. Qh4 Bg7 10. Nc3 Qe5+ 11. Kd1 Nc6 12. Re1 Qf5 13. d3 Qg4+
14. Qxg4 Bxg4+ 15. f3 Bf5 16. g4 Bd7 17. Nce4 h6 18. Nc5 hxg5 19. Bxg5 Kf7
20. b4 Bf6 21. Bxf6 exf6 22. Nxd7 Nxd7 23. b5 Nd4 24. Re3 Rxh2 25. Rc1 Rah8
{White resigns}
0-1

[Event "ICCopen2016"]
[Site "Internet Chess Club"]
[Date "2016.06.03"]
[Round "10"]
[White "ShadowLike"]
[Black "oskarito"]
[Result "0-1"]
[ICCResult "White checkmated"]
[WhiteElo "1967"]
[BlackElo "2496"]
[Opening "Sicilian: Smith-Morra gambit"]
[ECO "B21"]
[NIC "SI.48"]
[Time "20:48:24"]
[TimeControl "180+0"]

1. e4 c5 2. d4 cxd4 3. c3 dxc3 4. Nxc3 e6 5. Nf3 Nc6 6. Bc4 Qc7 7. Qe2 Nf6
8. e5 Ng4 9. Bf4 a6 10. h3 Nf6 11. Bh2 Ng8 12. O-O b5 13. Bb3 Bb7 14. Ne4
Nh6 15. Rac1 Be7 16. Nfg5 Nf5 17. Qh5 g6 18. Qd1 h6 19. Nf3 Qb6 20. g4 Nfd4
21. Nd6+ Bxd6 22. exd6 Nxf3+ 23. Qxf3 Nd4 24. Qf6 Ne2# {White checkmated}
0-1

[Event "ICCopen2016"]
[Site "Internet Chess Club"]
[Date "2016.06.03"]
[Round "10"]
[White "Taechess"]
[Black "trivialpursuit"]
[Result "0-1"]
[ICCResult "White checkmated"]
[WhiteElo "1324"]
[BlackElo "1441"]
[Opening "two knights defense: Ulvestad variation"]
[ECO "C57"]
[NIC "KP.01"]
[Time "20:47:51"]
[TimeControl "180+0"]

1. e4 e5 2. Nf3 Nc6 3. Bc4 Nf6 4. Ng5 d5 5. exd5 b5 6. Nxf7 Kxf7 7. dxc6+
bxc4 8. Qe2 Qd4 9. c3 Qe4 10. Qxe4 Nxe4 11. f3 Nc5 12. O-O Nd3 13. Na3 Ba6
14. b4 cxb3 15. axb3 Bxa3 16. Bxa3 Bb5 17. c4 Bxc6 18. b4 a6 19. Bc1 Nxb4
20. Ba3 Nd3 21. Bc1 Rhb8 22. Ra3 Nc5 23. f4 e4 24. f5 Nd3 25. h3 Rb1 26. Rc3
a5 27. Ba3 Rxf1+ 28. Kxf1 Rb8 29. Ke2 Rb1 30. g4 Re1# {White checkmated} 0-1

[Event "ICCopen2016"]
[Site "Internet Chess Club"]
[Date "2016.06.03"]
[Round "10"]
[White "hunterking"]
[Black "Kandor"]
[Result "1-0"]
[ICCResult "Black checkmated"]
[WhiteElo "1351"]
[BlackElo "1066"]
[Opening "English opening: Agincourt variation"]
[ECO "A13"]
[NIC "QP.11"]
[Time "20:48:23"]
[TimeControl "180+0"]

1. Nf3 e6 2. c4 d5 3. e3 c5 4. d4 Nf6 5. cxd5 Qxd5 6. Nc3 Qd8 7. g3 Nc6 8.
Bg2 Be7 9. O-O O-O 10. a3 Bd6 11. dxc5 Bxc5 12. Qc2 Bd6 13. Rd1 Ne5 14. Nxe5
Qa5 15. Nc4 Qd8 16. Nxd6 Qe7 17. Nxc8 Raxc8 18. Qb3 Kh8 19. Bd2 Rc5 20. Na4
Ra5 21. Bxa5 b6 22. Bb4 Qe8 23. Bxf8 Qxf8 24. Qd3 h6 25. Qd8 Qg8 26. Nc3 Kh7
27. Ne4 Nh5 28. Qxg8+ Kxg8 29. Rd7 f5 30. Nd6 Nf6 31. Rxa7 Kh7 32. e4 Ng4
33. exf5 Ne5 34. fxe6 Nd3 35. e7 Nxb2 36. e8=Q Na4 37. Rxa4 g5 38. Qe6 h5
39. Ra7+ Kh8 40. Qc8# {Black checkmated} 1-0

[Event "ICCopen2016"]
[Site "Internet Chess Club"]
[Date "2016.06.03"]
[Round "10"]
[White "El-Kaiser"]
[Black "nikenwidiartto"]
[Result "1-0"]
[ICCResult "Black resigns"]
[WhiteElo "2356"]
[BlackElo "1867"]
[Opening "QGD semi-Slav: Meran, Wade variation"]
[ECO "D47"]
[NIC "SL.09"]
[Time "20:47:56"]
[TimeControl "180+0"]

1. d4 d5 2. c4 c6 3. Nf3 Nf6 4. Nc3 e6 5. e3 Nbd7 6. Bd3 dxc4 7. Bxc4 b5 8.
Bd3 Bb7 9. e4 a6 10. e5 b4 11. Na4 Nd5 12. Bg5 Qa5 13. O-O c5 14. dxc5 Nxc5
15. Nxc5 Bxc5 16. Qe2 h6 17. Bd2 Qb6 18. Rac1 O-O 19. Qe4 g6 20. Qh4 h5 21.
Qg5 Rfe8 22. Bxg6 Bf8 23. Bxh5+ Bg7 24. Rc4 Ne7 25. Rg4 Nf5 26. Nh4 Qd8 27.
Nxf5 Qxg5 28. Rxg5 exf5 29. f4 Be4 30. Bxb4 Red8 31. Bc3 Kf8 32. g4 fxg4 33.
Bxg4 Rd3 34. Re1 Bc6 35. Bf5 Rad8 36. Bxd3 Rxd3 37. e6 Bxc3 38. e7+
{Black resigns}
1-0

[Event "ICCopen2016"]
[Site "Internet Chess Club"]
[Date "2016.06.03"]
[Round "10"]
[White "Kiketf"]
[Black "Mercury"]
[Result "0-1"]
[ICCResult "White checkmated"]
[WhiteElo "2521"]
[BlackElo "2376"]
[Opening "Sicilian: closed, Korchnoi variation"]
[ECO "B23"]
[NIC "SI.44"]
[Time "20:47:58"]
[TimeControl "180+0"]

1. e4 c5 2. Nc3 e6 3. g3 d5 4. Bg2 dxe4 5. Nxe4 Nc6 6. Ne2 Nh6 7. O-O Nf5 8.
d3 Be7 9. a4 O-O 10. b3 Qc7 11. Nf4 b6 12. Qg4 Bb7 13. Nh5 Ne5 14. Nef6+ Kh8
15. Qg5 Bxg2 16. Kxg2 Rg8 17. Qxf5 exf5 18. Nd5 Qb7 19. c4 Nxd3 20. Bb2 Nxb2
21. Nf4 Bd6 22. Ne2 Nd3 23. Rad1 Nb4 24. Nc3 Be5 25. Ne2 Rad8 26. Rfe1 Nxd5
27. cxd5 Rxd5 28. Rxd5 Qxd5+ 29. Kg1 Qd2 30. Kf1 Rd8 31. Ng1 Bc3 32. Re2
Qd1+ 33. Kg2 Qxb3 34. Nf3 Qd5 35. h4 h6 36. Re7 g5 37. hxg5 hxg5 38. Re3 Bd4
39. Ra3 g4 40. a5 gxf3+ 41. Kh3 Kg7 42. g4 f4 43. Kh2 Bxf2 44. Rxf3 Qxf3 45.
g5 Rh8# {White checkmated} 0-1

[Event "ICCopen2016"]
[Site "Internet Chess Club"]
[Date "2016.06.03"]
[Round "10"]
[White "Sam08"]
[Black "Entoloma"]
[Result "1-0"]
[ICCResult "Black checkmated"]
[WhiteElo "2432"]
[BlackElo "2026"]
[Opening "Queen's pawn: Keres defense"]
[ECO "A40"]
[NIC "QO.17"]
[Time "20:50:13"]
[TimeControl "180+0"]

1. d4 e6 2. c4 b6 3. e4 Bb4+ 4. Bd2 Qe7 5. Bd3 Bb7 6. Nf3 f5 7. exf5 exf5+
8. Kf1 Bxd2 9. Nbxd2 Nh6 10. Qb3 O-O 11. Re1 Qf6 12. d5 Na6 13. Qa3 Nc5 14.
Bc2 a5 15. g3 f4 16. Kg2 fxg3 17. hxg3 Rae8 18. Ne4 Nxe4 19. Bxe4 Rxe4 20.
Rxe4 c6 21. Rf4 Qg6 22. Qxf8# {Black checkmated} 1-0

[Event "ICCopen2016"]
[Site "Internet Chess Club"]
[Date "2016.06.03"]
[Round "10"]
[White "BrentMusburger"]
[Black "Panesso"]
[Result "1/2-1/2"]
[ICCResult "Game drawn by repetition"]
[WhiteElo "2448"]
[BlackElo "2261"]
[Opening "Sicilian: dragon, 6.Be3"]
[ECO "B72"]
[NIC "SI.15"]
[Time "20:48:25"]
[TimeControl "180+0"]

1. e4 c5 2. Nf3 d6 3. d4 cxd4 4. Nxd4 Nf6 5. Nc3 g6 6. Be3 a6 7. f3 b5 8.
Qd2 Bb7 9. g4 Nbd7 10. h4 Nc5 11. a3 h5 12. g5 Nfd7 13. Nb3 Rc8 14. O-O-O
Nxb3+ 15. cxb3 b4 16. axb4 Ne5 17. Bg2 Bg7 18. Bd4 O-O 19. f4 Ng4 20. Bxg7
Kxg7 21. Bf3 Qd7 22. Rdg1 Qb5 23. Bxg4 hxg4 24. h5 Qxb4 25. hxg6 fxg6 26.
Rxg4 Bxe4 27. Rh6 Bf5 28. Rgh4 Rh8 29. Qh2 Rxc3+ 30. bxc3 Qxc3+ 31. Kd1
Qxb3+ 32. Ke1 Qc3+ 33. Kf2 Qd2+ 34. Kf1 Qd1+ 35. Kf2 Qd2+ 36. Kf3 Qd3+ 37.
Kf2 Qd2+ {Game drawn by repetition} 1/2-1/2

[Event "ICCopen2016"]
[Site "Internet Chess Club"]
[Date "2016.06.03"]
[Round "10"]
[White "Spirals"]
[Black "rovov"]
[Result "1-0"]
[ICCResult "Black forfeits on time"]
[WhiteElo "2174"]
[BlackElo "1715"]
[Opening "French: Two knights variation"]
[ECO "C00"]
[NIC "FR.01"]
[Time "20:47:46"]
[TimeControl "180+0"]

1. e4 e6 2. Nc3 d5 3. Nf3 dxe4 4. Nxe4 Nf6 5. Ng3 Bd6 6. d4 O-O 7. Bd3 c5 8.
O-O cxd4 9. Nxd4 Bd7 10. c4 Nc6 11. Nb5 Bxg3 12. hxg3 Ne5 13. Be2 Bxb5 14.
cxb5 Qxd1 15. Rxd1 Rfd8 16. Bg5 Kf8 17. Bxf6 gxf6 18. f4 Ng6 19. Rac1 Rxd1+
20. Rxd1 Ke7 21. Rc1 Rd8 22. Rc2 Kd6 23. Kf2 e5 24. f5 Ne7 25. g4 Nd5 26.
Bf3 Nb4 27. Rc4 Nd3+ 28. Ke2 Nf4+ 29. Ke3 b6 30. g3 Nd5+ 31. Bxd5 Kxd5 32.
Rc7 Rg8 33. Kf3 Rg7 34. Rxa7 Kc5 35. a4 Kb4 36. Ra6 Rg8 37. Rxb6 Kxa4 38.
Rxf6 Kxb5 39. Rxf7 Rc8 40. Rxh7 Rc2 41. Re7 Kc6 42. Rxe5 Rxb2 43. Re6+ Kd7
44. Kf4 Rb4+ 45. Kg5 Rb3 46. Kf6 Rxg3 47. g5 Rf3 48. g6 Rg3 49. g7 Kd8 50.
Kf7 Rg4 51. g8=Q+ {Black forfeits on time} 1-0

[Event "ICCopen2016"]
[Site "Internet Chess Club"]
[Date "2016.06.03"]
[Round "10"]
[White "orangeC"]
[Black "waynehatcher"]
[Result "0-1"]
[ICCResult "White forfeits on time"]
[WhiteElo "1605"]
[BlackElo "1567"]
[Opening "Pirc: classical system, 5.Be2"]
[ECO "B08"]
[NIC "PU.03"]
[Time "20:47:56"]
[TimeControl "180+0"]

1. e4 d6 2. d4 Nf6 3. Nc3 g6 4. Nf3 Bg7 5. Be2 O-O 6. O-O Nc6 7. d5 Nb8 8.
a4 e5 9. dxe6 Bxe6 10. Nd4 Bd7 11. Be3 Nc6 12. f4 Re8 13. Bf3 a6 14. a5 Ng4
15. Nxc6 Nxe3 16. Nxd8 Nxd1 17. Rfxd1 Raxd8 18. Nd5 c6 19. Nb6 Be6 20. c3 f5
21. exf5 gxf5 22. Rd2 d5 23. Re1 Bf7 24. Rde2 Kf8 25. Rxe8+ Rxe8 26. Nd7+
Kg8 27. Rxe8+ Bxe8 28. Ne5 Bxe5 29. fxe5 Kf8 30. b4 Bf7 31. Kf2 Ke7 32. Ke3
Ke6 33. Kd4 Bg6 34. g3 h6 35. Be2 h5 36. c4 Bf7 {White forfeits on time} 0-1

[Event "ICCopen2016"]
[Site "Internet Chess Club"]
[Date "2016.06.03"]
[Round "10"]
[White "PawnTerminator"]
[Black "UltimateR3cruit"]
[Result "1-0"]
[ICCResult "Black checkmated"]
[WhiteElo "1645"]
[BlackElo "1491"]
[Opening "Polish (Sokolsky) opening"]
[ECO "A00"]
[NIC "VO.10"]
[Time "20:47:55"]
[TimeControl "180+0"]

1. b4 f5 2. Bb2 e6 3. Nf3 d5 4. e3 c6 5. c4 Nf6 6. c5 Be7 7. Be2 O-O 8. O-O
Qe8 9. d3 Nbd7 10. Nbd2 Bd8 11. Re1 Bc7 12. Bf1 Ng4 13. h3 Qh5 14. e4 Bh2+
15. Nxh2 Ndf6 16. Bxf6 Rxf6 17. Nxg4 fxg4 18. Qxg4 Qf7 19. f3 e5 20. Qg3 Rg6
21. Qxe5 Bxh3 22. g4 Bxg4 23. fxg4 Rxg4+ 24. Bg2 Qg6 25. Re2 Re8 26. Qd6 Qh5
27. Qh2 Qe5 28. Qxe5 Rxe5 29. d4 Reg5 30. Nf3 Rh5 31. Rf1 dxe4 32. Ne5 Rg3
33. Ref2 g6 34. Rf8+ Kg7 35. R1f7+ Kh6 36. Rh8 Kg5 37. Kf2 Rb3 38. Bxe4 Rb2+
39. Kg3 Rxa2 40. Nf3+ Kh6 41. Rfxh7# {Black checkmated} 1-0

[Event "ICCopen2016"]
[Site "Internet Chess Club"]
[Date "2016.06.03"]
[Round "10"]
[White "BitsofKoin"]
[Black "ARMCOMPOSER"]
[Result "0-1"]
[ICCResult "White resigns"]
[WhiteElo "2340"]
[BlackElo "3047"]
[Opening "QGD semi-Slav: 5...Nd7"]
[ECO "D45"]
[NIC "SL.08"]
[Time "20:47:57"]
[TimeControl "180+0"]

1. d4 d5 2. Nf3 Nf6 3. c4 c6 4. Nc3 e6 5. e3 Nbd7 6. Be2 Bd6 7. O-O O-O 8.
a3 dxc4 9. Bxc4 b5 10. Ba2 Bb7 11. Qe2 a6 12. e4 e5 13. Rd1 Qe7 14. Nh4 g6
15. Nf3 exd4 16. Nxd4 c5 17. Nf3 Rad8 18. Bg5 Rfe8 19. Nd5 Bxd5 20. Bxd5 h6
21. Bh4 g5 22. Bg3 Nxd5 23. Rxd5 Bxg3 24. hxg3 Nf8 25. Rad1 Rxd5 26. Rxd5 c4
27. Nd2 Qe6 28. Qf3 Ng6 29. Qc3 Ne5 30. Qd4 Nd3 31. Rd6 Qe5 32. Qxe5 Rxe5
33. Rxa6 Nxb2 34. Rc6 Kg7 35. f4 Re6 36. Rc5 Rd6 37. Nf3 Rd1+ 38. Kh2 Nd3
39. Rc7 Nf2 40. g4 Rh1+ {White resigns} 0-1

[Event "ICCopen2016"]
[Site "Internet Chess Club"]
[Date "2016.06.03"]
[Round "10"]
[White "klodshans"]
[Black "carpedef"]
[Result "0-1"]
[ICCResult "White resigns"]
[WhiteElo "1595"]
[BlackElo "1823"]
[Opening "Queen's pawn: London system"]
[ECO "A45"]
[NIC "QP.07"]
[Time "20:47:48"]
[TimeControl "180+0"]

1. d4 Nf6 2. Bf4 g6 3. e3 Bg7 4. Nf3 d6 5. h3 O-O 6. Be2 Nbd7 7. Nbd2 Ne8 8.
O-O e5 9. Bh2 f5 10. c3 e4 11. Ne1 d5 12. a4 Bh6 13. b4 f4 14. exf4 Bxf4 15.
Bxf4 Rxf4 16. Nc2 Qg5 17. Ne3 c6 18. Bg4 h5 19. g3 Rf6 20. Bxd7 Bxd7 21. h4
Qh6 22. f4 exf3 23. Rxf3 Bg4 24. Nxg4 hxg4 25. Rxf6 Nxf6 26. Qc2 Qe3+ 27.
Kg2 Kg7 28. Rf1 Nh5 29. Rf2 Qxg3+ 30. Kf1 Re8 31. Qd1 Qh3+ 32. Kg1 g3 33.
Rg2 Nf4 34. Qf1 Re1 {White resigns} 0-1

[Event "ICCopen2016"]
[Site "Internet Chess Club"]
[Date "2016.06.03"]
[Round "10"]
[White "edwspin"]
[Black "soumyat"]
[Result "0-1"]
[ICCResult "White resigns"]
[WhiteElo "1609"]
[BlackElo "2042"]
[Opening "QGD semi-Slav: 5...Nd7"]
[ECO "D45"]
[NIC "SL.08"]
[Time "20:47:45"]
[TimeControl "180+0"]

1. d4 d5 2. c4 e6 3. Nc3 c6 4. e3 Nf6 5. Nf3 Nbd7 6. c5 Be7 7. Bd3 O-O 8.
O-O e5 9. dxe5 Ng4 10. Qc2 h6 11. e6 fxe6 12. e4 Nxc5 13. h3 Rxf3 14. Be2
Rf8 15. Bxg4 d4 16. Na4 d3 17. Qc4 b5 18. Qc3 bxa4 19. Be3 Qd6 20. Rad1 Nxe4
21. Qxd3 Qxd3 22. Rxd3 Ba6 23. Rd7 Bxf1 24. Kxf1 Kf7 25. f3 Nf6 26. Bc5 Nxd7
{White resigns}
0-1

[Event "ICCopen2016"]
[Site "Internet Chess Club"]
[Date "2016.06.03"]
[Round "10"]
[White "MasterZachary"]
[Black "afgano45"]
[Result "0-1"]
[ICCResult "White checkmated"]
[WhiteElo "2118"]
[BlackElo "1951"]
[Opening "Sicilian: closed, 2...Nc6"]
[ECO "B23"]
[NIC "SI.44"]
[Time "20:47:34"]
[TimeControl "180+0"]

1. e4 c5 2. Nc3 Nc6 3. Nf3 g6 4. Bc4 Bg7 5. O-O Nh6 6. d4 cxd4 7. Nxd4 Ne5
8. Be2 d6 9. f4 Nd7 10. Be3 O-O 11. g4 Kh8 12. g5 Ng8 13. Qe1 Nc5 14. h4 e5
15. Nf3 exf4 16. Bxf4 Bg4 17. Rd1 Re8 18. Rxd6 Qe7 19. Qg3 Bh5 20. e5 Ne6
21. Nd5 Qf8 22. Be3 Rac8 23. Nd4 Nxd4 24. Bxh5 Nxc2 25. Nf6 Bxf6 26. gxf6
Nxe3 27. Qxe3 Qxd6 28. exd6 Rxe3 29. Bg4 Rd8 30. Kf2 Rd3 31. d7 Nxf6 32. Be2
R3xd7 33. Kg3 Kg7 34. h5 Rd6 35. hxg6 hxg6 36. Bf3 R8d7 37. Rc1 Re7 38. Rc3
Ne4+ 39. Bxe4 Rxe4 40. Kf3 Red4 41. Ke3 g5 42. Rc5 f6 43. Rc7+ Rd7 44. Rc8
g4 45. Re8 f5 46. Kf2 f4 47. Re5 Rd2+ 48. Kf1 Rxb2 49. Rg5+ Kf6 50. Ke1 Kxg5
51. a3 Rh7 52. a4 Rh1# {White checkmated} 0-1

[Event "ICCopen2016"]
[Site "Internet Chess Club"]
[Date "2016.06.03"]
[Round "10"]
[White "Sebs"]
[Black "Rumpel"]
[Result "1-0"]
[ICCResult "Black resigns"]
[WhiteElo "3022"]
[BlackElo "2656"]
[Opening "QGA: 3.e4"]
[ECO "D20"]
[NIC "QG.04"]
[Time "20:48:15"]
[TimeControl "180+0"]

1. d4 d5 2. c4 dxc4 3. e4 e5 4. Nf3 exd4 5. Bxc4 Nc6 6. O-O Be6 7. Bb5 Bc5
8. b4 Bb6 9. a4 a6 10. Bxc6+ bxc6 11. a5 Ba7 12. Bb2 Nf6 13. Bxd4 Nxe4 14.
Bxa7 Qxd1 15. Rxd1 Rxa7 16. Nd4 c5 17. Nxe6 fxe6 18. Re1 Nf6 19. bxc5 Kf7
20. Nd2 Rb7 21. Nf3 Re8 22. Ng5+ Kg6 23. Nxe6 Rb5 24. h3 Kf7 25. Nxc7 Rxe1+
26. Rxe1 Rxc5 27. Nxa6 Rxa5 28. Nb4 Rb5 29. Nc6 Rb2 30. Ne5+ Kf8 31. g4 Nd5
32. h4 Nc3 33. Kg2 Re2 34. Rxe2 Nxe2 35. Kf3 Nd4+ 36. Ke4 Ne6 37. f4 g6 38.
f5 gxf5+ 39. gxf5 Nc7 40. f6 Ne6 41. Kf5 Nd4+ 42. Kg5 Ne2 43. Kh6 Ng3 44.
Kxh7 Nf5 45. h5 Nh4 46. Ng6+ Kf7 47. Nxh4 Kxf6 48. h6 Kg5 49. Kg7 Kxh4 50.
h7 {Black resigns} 1-0

[Event "ICCopen2016"]
[Site "Internet Chess Club"]
[Date "2016.06.03"]
[Round "10"]
[White "ALexiz"]
[Black "HPG1947"]
[Result "1-0"]
[ICCResult "Black forfeits on time"]
[WhiteElo "1845"]
[BlackElo "1593"]
[Opening "Philidor: Improved Hanham variation"]
[ECO "B07"]
[NIC "PU.08"]
[Time "20:47:45"]
[TimeControl "180+0"]

1. d4 d6 2. e4 Nf6 3. Nc3 Nbd7 4. Nf3 e5 5. g3 Be7 6. Bg2 O-O 7. O-O c6 8.
h3 b5 9. a3 a6 10. Re1 Qc7 11. Be3 Re8 12. Rc1 Rb8 13. d5 c5 14. Nd2 c4 15.
f4 Bf8 16. Kh2 g6 17. f5 Nc5 18. g4 Nfd7 19. Qf3 Be7 20. g5 f6 21. h4 Rf8
22. Bh3 Nb6 23. Rf1 Nba4 24. Nxa4 Nxa4 25. b3 Nc5 26. bxc4 Na4 27. cxb5 axb5
28. c4 Qa5 29. cxb5 Rxb5 30. Nc4 Qa6 31. gxf6 Bxf6 32. fxg6 Bxh3 33. gxh7+
Kh8 34. Qxh3 Rb3 35. Qe6 {Black forfeits on time} 1-0

[Event "ICCopen2016"]
[Site "Internet Chess Club"]
[Date "2016.06.03"]
[Round "10"]
[White "VrloJakMK"]
[Black "talbagels2"]
[Result "1-0"]
[ICCResult "Black forfeits on time"]
[WhiteElo "2130"]
[BlackElo "1700"]
[Opening "Nimzo-Indian: classical, 4...c5"]
[ECO "E38"]
[NIC "NI.22"]
[Time "20:48:05"]
[TimeControl "180+0"]

1. d4 Nf6 2. c4 e6 3. Nc3 Bb4 4. Qc2 c5 5. a3 Bxc3+ 6. Qxc3 cxd4 7. Qxd4 Nc6
8. Qd3 h6 9. Nf3 O-O 10. Bf4 Qa5+ 11. Bd2 Qc7 12. g3 d5 13. Bg2 dxc4 14.
Qxc4 Rd8 15. O-O a6 16. Rac1 e5 17. Be3 Be6 18. Qc2 Rac8 19. b4 Nd5 20. Bd2
Qe7 21. Qb2 e4 22. Ne1 Nf6 23. Bc3 Rd7 24. Bxf6 Qxf6 25. Qxf6 gxf6 26. Bxe4
Rcd8 27. Nf3 Ne5 28. Rc5 Bh3 29. Re1 Nxf3+ 30. Bxf3 b6 31. Rcc1 Rd2 32. Bg2
Bxg2 33. Kxg2 Ra2 34. Rc6 Rxa3 35. Rxf6 a5 36. Rxb6 a4 37. Rxh6 Rb3 38. Rh4
a3 39. Ra1 Rd2 40. b5 a2 41. Ra4 Rbb2 42. b6 Rxe2 43. b7 Rxf2+ 44. Kh3 Rxh2+
45. Kg4 Rxb7 46. R1xa2 Rb6 47. Rxh2 {Black forfeits on time} 1-0

[Event "ICCopen2016"]
[Site "Internet Chess Club"]
[Date "2016.06.03"]
[Round "10"]
[White "Imaneverwas"]
[Black "Ronibell"]
[Result "0-1"]
[ICCResult "White forfeits on time"]
[WhiteElo "1822"]
[BlackElo "2134"]
[Opening "English, 1...Nf6 (Anglo-Indian defense)"]
[ECO "A15"]
[NIC "EO.64"]
[Time "20:47:35"]
[TimeControl "180+0"]

1. c4 Nf6 2. g3 g6 3. Bg2 Bg7 4. Nc3 O-O 5. d3 d6 6. e4 Nbd7 7. Nge2 c5 8.
O-O a6 9. h3 Rb8 10. g4 b5 11. Ng3 b4 12. Nce2 Bb7 13. f4 Ne8 14. f5 Nc7 15.
Rb1 Ne5 16. Be3 Nc6 17. d4 cxd4 18. Nxd4 Ne5 19. b3 Qd7 20. Qd2 Rfd8 21. Bh6
Bh8 22. fxg6 hxg6 23. Be3 Ne8 24. Rbd1 Nf6 25. g5 Ne8 26. Nge2 Nc7 27. Nf4
Nc6 28. Nxc6 Bxc6 29. Nd5 Ne6 30. Qf2 Rf8 31. e5 Bxe5 32. Qh4 Bxd5 33. Bxd5
Ng7 34. Qe4 Nf5 35. Qxe5 dxe5 36. Bxf7+ Rxf7 37. Rxd7 Nxe3 38. Rxf7 Kxf7 39.
Ra7 Rb6 40. Rxa6 Rxa6 41. Kf2 Nf5 42. Kf3 Rxa2 43. Ke4 Rb2 44. Kxe5 Rxb3 45.
Kd5 Rxh3 {White forfeits on time} 0-1

[Event "ICCopen2016"]
[Site "Internet Chess Club"]
[Date "2016.06.03"]
[Round "10"]
[White "DrOussedik"]
[Black "skippykid"]
[Result "1-0"]
[ICCResult "Black resigns"]
[WhiteElo "2088"]
[BlackElo "2300"]
[Opening "Queen's gambit declined"]
[ECO "D30"]
[NIC "QO.17"]
[Time "20:49:27"]
[TimeControl "180+0"]

1. d4 e6 2. c4 d5 3. e3 f5 4. Bd3 Nf6 5. Ne2 c6 6. Qc2 Bd6 7. Nbc3 Ne4 8. g3
O-O 9. f3 Nxc3 10. Nxc3 Qf6 11. Bd2 Nd7 12. O-O-O a6 13. Kb1 b5 14. c5 Bc7
15. e4 fxe4 16. fxe4 Qxd4 17. exd5 exd5 18. Bf4 Qxc5 19. Bxc7 Nf6 20. Be5 d4
21. Bxd4 Qh5 22. h3 c5 23. g4 Qh4 24. Bxc5 Re8 25. Ne4 Nd5 26. Nd6 Re5 27.
Bd4 Ne3 28. Bxe3 Rxe3 29. Nxc8 Qd8 30. Bxh7+ {Black resigns} 1-0

[Event "ICCopen2016"]
[Site "Internet Chess Club"]
[Date "2016.06.03"]
[Round "10"]
[White "BigSerge"]
[Black "ebochess"]
[Result "1-0"]
[ICCResult "Black resigns"]
[WhiteElo "2021"]
[BlackElo "1435"]
[Opening "Caro-Kann: Tartakower (fantasy) variation"]
[ECO "B12"]
[NIC "CK.02"]
[Time "20:48:28"]
[TimeControl "180+0"]

1. e4 c6 2. d4 d5 3. f3 dxe4 4. fxe4 e5 5. Nf3 exd4 6. Bc4 Nf6 7. Bg5 Be7 8.
e5 Nd5 9. Bxe7 Nxe7 10. O-O O-O 11. Qxd4 Qb6 12. Qxb6 axb6 13. Nc3 Bf5 14.
Bb3 Nd7 15. Ng5 Bg6 16. e6 Nf6 17. exf7+ Bxf7 18. Nxf7 Rxf7 19. Bxf7+ Kxf7
20. Ne4 Re8 21. Nd6+ Kf8 22. Nxe8 Kxe8 23. Rae1 Kf7 24. c4 b5 25. b3 bxc4
26. bxc4 Ng6 27. Rb1 Ne5 28. Rxb7+ Kg6 29. Rf4 Nd3 30. Rf3 Ne5 31. Rg3+ Kf5
32. Rbxg7 Nxc4 33. Rf7 Ke6 34. Rgg7 Ne5 35. Re7+ Kd5 36. h3 Ne4 37. a4 h5
38. a5 h4 39. a6 Ng3 40. Rxe5+ Kxe5 41. Rxg3 hxg3 42. a7 {Black resigns} 1-0